 Dungeon Crawl Stone Soup version 0.22.0-49-gab54619674 (webtiles) character file.

87 MaCx the Digger (level 4, -2/24 HPs)
             Began as a Gargoyle Earth Elementalist on Sept 8, 2018.
             Slain by Grinder (4 damage)
             ... while paralysed by Grinder
             ... on level 3 of the Dungeon.
             The game lasted 00:11:20 (3326 turns).

MaCx the Digger (Gargoyle Earth Elementalist)       Turns: 3326, Time: 00:11:21

Health: -2/24      AC:  6    Str: 12    XL:     4   Next: 51%
Magic:  0/8        EV:  2    Int: 16    God:
Gold:   64         SH:  0    Dex: 10    Spells: 5/9 levels left

rFire    . . .     SeeInvis .   a - +0 club
rCold    . . .     Gourm    .   (no shield)
rNeg     + . .     Faith    .   c - +0 robe
rPois    ∞         Spirit   .   (no helmet)
rElec    +         Reflect  .   (no cloak)
rCorr    .         Harm     .   k - +0 pair of gloves
MR       .....                  (no boots)
Stlth    ++........             (no amulet)
HPRegen  0.08/turn              (no ring)
MPRegen  0.11/turn              (no ring)

@: paralysed
A: negative energy resistance 1, electricity resistance, unbreathing,
petrification resistance, rot immunity, AC +3
a: no special abilities


You were on level 3 of the Dungeon.
You were not hungry.

You visited 1 branch of the dungeon, and saw 3 of its levels.

You collected 64 gold pieces.

Inventory:

Hand Weapons
 a - a +0 club (weapon)
 m - a cursed -2 whip
Missiles
 b - 69 stones (quivered)
Armour
 c - a +0 robe (worn)
 k - a +0 pair of gloves (worn)
Jewellery
 j - a +4 ring of intelligence {unknown}
 o - a +4 ring of dexterity {unknown}
 p - a +4 amulet of reflection {unknown}
 t - an uncursed ring of positive energy {unknown}
Scrolls
 e - a scroll of fog
 g - a scroll of remove curse {unknown}
 h - a scroll of teleportation
 i - a scroll of identify {unknown}
Potions
 f - 2 potions of heal wounds
 l - a potion of curing {unknown}
 n - a potion of degeneration {unknown}
 q - a potion of mutation {unknown}
 r - a potion of flight {unknown}
 s - a potion of agility {unknown}
Comestibles
 d - 3 rations
 u - 2 chunks of flesh


   Skills:
 - Level 1.5 Dodging
 - Level 2.1 Stealth
 + Level 3.2 Spellcasting
 + Level 0.9 Conjurations
   Level 0.7 Transmutations
 + Level 5.0 Earth Magic


You had 5 spell levels left.
You knew the following spells:

 Your Spells              Type           Power        Failure   Level  Hunger
a - Sandblast             Erth           ###...       2%          1    None
b - Stone Arrow           Conj/Erth      ##....       16%         3    ###....

Your spell library contained the following spells:

 Spells                   Type           Power        Failure   Level  Hunger
 Passwall                 Tmut/Erth      ##......     9%          2    ##.....
 Petrify                  Tmut/Erth      ##......     50%         4    ####...
 Lee's Rapid Deconstruct  Erth           ###.......   54%         5    ######.


Dungeon Overview and Level Annotations

Branches:
Dungeon (3/15)

Altars:

Annotations:
D:3 3 runed doors, Grinder; JedernureinKreuz's ghost, amateur GnCj


Innate Abilities, Weirdness & Mutations

You are resistant to torment.
Your stone body is resilient. (AC +3)
You are immune to poison.
You resist negative energy. (rN+)
You are resistant to electric shocks. (rElec)
You can survive without breathing.
You are immune to petrification.
You are immune to rotting.


Message History

Aim: Grinder (moderately wounded)
The blast of sand hits Grinder.
Grinder is heavily wounded.
b - 69 stones Grinder hits you.
You writhe in agony.
Casting: Sandblast (safe; 2% risk of failure)
Confirm with . or Enter, or press ? or * to list all spells.
You don't have enough magic to cast that spell.
Unknown command.
Casting: Sandblast (safe; 2% risk of failure)
Confirm with . or Enter, or press ? or * to list all spells.
You don't have enough magic to cast that spell.
Grinder gestures at you.
You suddenly lose the ability to move!
Grinder hits you!
* * * LOW HITPOINT WARNING * * *
Grinder gestures at you.
You shrug off the repeated paralysis!
Grinder hits you.
You die...

#.....÷.....#
#########
###.#..##...##
#.#..#8...8#
#....##...##
###.###...#
#..##...##
####8...8# #
##...##
#8###8##@..#
........5..##
...........⌠#
...........##
#8###8##...# #
## #...# 8...8
#...## #...#


You could see Grinder.

Vanquished Creatures
  Natasha (D:3)
  An adder (D:2)
  A dart slug (D:2)
  5 bats
  3 giant cockroaches (D:1)
  12 goblins
  7 hobgoblins
  A quokka (D:2)
  6 frilled lizards
  4 kobolds
  6 rats
47 creatures vanquished.

Notes
Turn   | Place    | Note
-------+----------+-------------------------------------------
     0 | D:1      | MaCx the Gargoyle Earth Elementalist began the quest for
                  | the Orb.
     0 | D:1      | Reached XP level 1. HP: 10/10 MP: 3/3
   305 | D:1      | Reached skill level 4 in Earth Magic
   305 | D:1      | Reached XP level 2. HP: 12/15 MP: 5/5
   998 | D:1      | Reached XP level 3. HP: 14/19 MP: 6/6
  1070 | D:1      | Learned a level 3 spell: Stone Arrow
  2771 | D:2      | Reached XP level 4. HP: 24/24 MP: 8/8
  3229 | D:3      | Found a runed gate.
  3229 | D:3      | Noticed JedernureinKreuz's ghost (amateur GnCj)
  3229 | D:3      | Found a runed gate.
  3229 | D:3      | Found a runed gate.
  3288 | D:3      | Noticed Natasha
  3294 | D:3      | Killed Natasha
  3294 | D:3      | Reached skill level 5 in Earth Magic
  3308 | D:3      | Noticed Grinder
  3322 | D:3      | Paralysed by Grinder for 6 turns
  3326 | D:3      | Slain by Grinder

Skill      XL: |  1  2  3  4 |
---------------+-------------+-----
Earth Magic    | 4 5 |  5.0
Spellcasting   | 3 |  3.2
Dodging        | |  1.5
Stealth        | |  2.1
Conjurations   | |  0.9
Transmutations | |  0.7

Action                   |  1- 3 |  4- 6 || total
-------------------------+-------+-------++-------
Melee: Club              |   148 |     9 ||   157
 Cast: Sandblast         |    16 |    12 ||    28
  Use: Scroll            |     1 |     1 ||     2
 Stab: Sleeping          |     4 |       ||     4
  Eat: Chunk             |     6 |     2 ||     8
Armor: Robe              |    69 |     5 ||    74
Dodge: Dodged            |   125 |     7 ||   132
